General information
			
			
        
        - name: BNet
 
        - type: Ladder 1vs1/FFA
 
        - host: Battle.net
 
        - saver: DirtMcGirt
 
        
map: TwistedMeadows 
        - players: 2
 
        - length: 25:15
 
        - speed: Fast
 - version: 1.22 W3XP
 - replay type:  Public
 
» download(72 KB)
Players
        team 1 (loser) 
              
              
man_boobs (
green | 43 APM | 1095 actions | 25:13)
              
 4 Death Knight 
 2 Death Coil
 2 Unholy Aura
 3 Lich 
 2 Frost Nova
 1 Frost Armor
 
                » actions 
                
                | Assign group hotkey | 65 |  | 
| Basic commands | 1 |  | 
| Build / train | 76 |  | 
| Enter build submenu | 15 |  | 
| Enter hero's abilities submenu | 7 |  | 
| Give item / drop item | 1 |  | 
| Remove unit from queue | 4 |  | 
| Right click | 444 |  | 
| Select / deselect | 288 |  | 
| Select group hotkey | 121 |  | 
| Use ability | 73 |  | 
                1095 total
 » units 
                
                | Acolyte | 19 |  | 
| Ghoul | 2 |  | 
| Crypt Fiend | 13 |  | 
| Obsidian Statue | 9 |  | 
                43 total
 » upgrades
                » buildings
                
                | Graveyard | 1 |  | 
| Crypt | 1 |  | 
| Ziggurat | 7 |  | 
| Altar of Darkness | 1 |  | 
| Tomb of Relics | 1 |  | 
| Nerubian Tower | 2 |  | 
| Halls of the Dead | 2 |  | 
| Slaughterhouse | 1 |  | 
| Sacrificial Pit | 1 |  | 
| Black Citadel | 1 |  | 
| Spirit Tower | 5 |  | 
                23 total
 » build order
                00:13 Graveyard
00:21 Crypt
00:52 Ziggurat
01:05 Altar of Darkness
01:17 Tomb of Relics
02:26 Ziggurat
04:09 Ziggurat
04:15 Nerubian Tower
04:18 Halls of the Dead
04:18 Halls of the Dead
07:16 Ziggurat
07:26 Slaughterhouse
07:30 Sacrificial Pit
09:49 Black Citadel
09:54 Ziggurat
10:25 Spirit Tower
11:11 Spirit Tower
15:15 Ziggurat
16:51 Ziggurat
18:47 Spirit Tower
18:49 Spirit Tower
18:50 Spirit Tower
18:52 Spirit Tower
18:54 Nerubian Tower
» items
                
                | Rod of Necromancy | 3 |  | 
| Orb of Corruption | 1 |  | 
| Potion of Mana | 1 |  | 
| Scroll of Healing | 1 |  | 
| Scroll of Town Portal | 2 |  | 
                8 total
  
               team 2 (winner) 
              
              
» 
DirtMcGirt (
purple | 82 APM | 2068 actions | 25:15)
              
 6 Paladin 
 3 Holy Light
 3 Divine Shield
 4 Mountain King 
 2 Storm Bolt
 2 Bash
 3 Dark Ranger 
 2 Silence
 1 Life Drain
 
                » actions 
                
                | Assign group hotkey | 19 |  | 
| Build / train | 110 |  | 
| Enter build submenu | 19 |  | 
| Enter hero's abilities submenu | 13 |  | 
| Give item / drop item | 1 |  | 
| Remove unit from queue | 3 |  | 
| Right click | 889 |  | 
| Select / deselect | 723 |  | 
| Select group hotkey | 203 |  | 
| Use ability | 88 |  | 
                2068 total
 » units 
                
                | Peasant | 26 |  | 
| Footman | 9 |  | 
| Knight | 9 |  | 
| Priest | 3 |  | 
| Siege Engine | 7 |  | 
| Goblin Zeppelin | 1 |  | 
| Flying Machine | 11 |  | 
                66 total
 » upgrades
                
                | Defend | 1 |  | 
| Lumber Harvesting | 2 |  | 
| Animal War Training | 1 |  | 
| Plating | 3 |  | 
| Priest Training | 1 |  | 
| Barrage | 1 |  | 
| Swords | 1 |  | 
| Flak Cannons | 1 |  | 
                11 total
 » buildings
                
                | Altar of Kings | 1 |  | 
| Barracks | 1 |  | 
| Farm | 7 |  | 
| Keep | 1 |  | 
| Arcane Vault | 1 |  | 
| Town Hall | 2 |  | 
| Lumber Mill | 2 |  | 
| Castle | 1 |  | 
| Blacksmith | 1 |  | 
| Arcane Sanctum | 1 |  | 
| Workshop | 1 |  | 
                19 total
 » build order
                00:08 Altar of Kings
00:17 Barracks
00:31 Farm
00:58 Farm
02:10 Farm
03:08 Keep
03:35 Arcane Vault
03:38 Farm
05:55 Town Hall
06:36 Lumber Mill
06:49 Lumber Mill
08:21 Farm
08:23 Castle
10:06 Blacksmith
11:29 Arcane Sanctum
12:32 Workshop
15:32 Town Hall
17:20 Farm
17:27 Farm
» items
                
                | Scroll of Regeneration | 3 |  | 
| Lesser Clarity Potion | 3 |  | 
| Staff of Sanctuary | 2 |  | 
| Scroll of Town Portal | 2 |  | 
| Orb of Fire | 1 |  | 
| Potion of Mana | 1 |  | 
                12 total
  
                Chat log
          (00:43 / All) DirtMcGirt: gl hf
(02:00 / All) man_boobs: I'm pretty new so...yeah.  GL
(02:04 / All) DirtMcGirt: ty u too
(14:37 / All) DirtMcGirt: WI
(14:38 / All) DirtMcGirt: WO
(14:39 / All) DirtMcGirt: W
(14:40 / All) DirtMcGirt: dat
(14:42 / All) DirtMcGirt: was clsoe
(16:41 / All) man_boobs: yeah, that was pretyt good man.
(19:45 / All) DirtMcGirt: Gg
(23:30 / All) DirtMcGirt: gg
(24:55 / All) man_boobs: you know its pretty rude to say GG before its over
(25:06 / All) man_boobs: especially for someone that practices manners with the GL GG crap
(25:13 / All) DirtMcGirt: its just a game